 Dungeon Crawl Stone Soup version 0.28.0-53-g5a82cb258f (webtiles) character file.

Game seed: 12278959746757687349

41 quixfox the Skirmisher (level 3, 0/33 HPs)
             Began as a Minotaur Fighter on July 12, 2022.
             Succumbed to a kobold's poison
             ... on level 2 of the Dungeon.
             The game lasted 00:01:37 (1173 turns).

quixfox the Skirmisher (Minotaur Fighter)           Turns: 1173, Time: 00:01:38

Health: 0/33       AC:  7    Str: 22    XL:     3   Next: 32%
Magic:  1/2        EV:  9    Int:  5    God:
Gold:   57         SH:  4    Dex:  9    Spells: 2/2 levels left

rFire   . . .      SeeInvis .   a - +0 war axe
rCold   . . .      Faith    .   c - +0 buckler
rNeg    . . .      Spirit   +   b - +0 scale mail
rPois   .          Reflect  .   (helmet restricted)
rElec   .          Harm     .   (no cloak)
rCorr   .          Rampage  .   (no gloves)
Will    .....                   (no boots)
Stlth   ..........              g - amulet of guardian spirit
HPRegen 0.11/turn               (no ring)
MPRegen 0.08/turn               (no ring)

@: lethally poisoned (0 -> -18)
A: horns 2, retaliatory headbutt
a: no special abilities


You were on level 2 of the Dungeon.
You visited 1 branch of the dungeon, and saw 2 of its levels.

You collected 57 gold pieces.

Inventory:

Hand Weapons
 a - a +0 war axe (weapon)
Missiles
 f - 3 javelins (quivered)
Armour
 b - a +0 scale mail (worn)
 c - a +0 buckler (worn)
Jewellery
 g - an amulet of guardian spirit (around neck)
Scrolls
 i - a scroll of torment {unknown}
Potions
 d - a potion of might
 e - 2 potions of heal wounds {unknown}
 h - a potion of degeneration {unknown}
 j - a potion of ambrosia {unknown}
 k - a potion of experience {unknown}


   Skills:
 + Level 4.1 Fighting
 * Level 3.6 Axes
 + Level 4.1 Armour
 - Level 3.6 Shields


You had 2 spell levels left.
You didn't know any spells.
Your spell library was empty.

Dungeon Overview and Level Annotations

Branches:
Dungeon (2/15)

Altars:


Innate Abilities, Weirdness & Mutations

You have a pair of horns on your head.
You reflexively headbutt those who attack you in melee.


Message History

No target in view!
You see here a rat corpse.
Found a robe.
Found 16 stones.
A kobold comes into view. It is wielding a +1 dagger of venom.
You miss the kobold. The kobold hits you but does no damage.
You are poisoned.
You closely miss the kobold. Your headbutt misses the kobold.
You feel very sick. You block the kobold's attack.
You barely miss the kobold. Your headbutt misses the kobold.
You feel sick. The kobold hits you but does no damage.
You block the kobold's attack.
You hit the kobold.
The kobold is moderately wounded.
You feel sick. You block the kobold's attack.
You barely miss the kobold. Your headbutt misses the kobold.
The kobold is moderately wounded.
You feel sick. You block the kobold's attack.
The kobold hits you with a +1 dagger of venom.
You are more poisoned.
You barely miss the kobold.
The kobold is moderately wounded.
You feel very sick.
The kobold hits you with a +1 dagger of venom.
You are lethally poisoned!
You are too injured to fight recklessly!
You are too injured to fight recklessly!
You are too injured to fight recklessly!
You are too injured to fight recklessly!
You hit the kobold but do no damage. Your headbutt misses the kobold.
The kobold is moderately wounded.
* * * LOW HITPOINT WARNING * * *
You feel very sick. The kobold hits you but does no damage.
You are more poisoned.
You hit the kobold.
You kill the kobold!
* * * LOW HITPOINT WARNING * * *
You feel very sick.
You die...

#.###.### #.# #.#
#.# #.#
#)###.####
#†.......#
#.....>..#
####........#
#...........#
#@##.......[#
#...(.##........#
####..##........#
...##.########
#...##[# #...##.#
.......# ##..##


There were no monsters in sight!

Vanquished Creatures
  2 dart slugs (D:1)
  4 ball pythons
  A bat (D:1)
  3 endoplasms
  11 goblins
  3 hobgoblins (D:1)
  2 kobolds (D:2)
  A quokka (D:1)
  2 frilled lizards
  3 rats
32 creatures vanquished.

Notes
Turn   | Place    | Note
-------+----------+-------------------------------------------
     0 | D:1      | quixfox the Minotaur Fighter began the quest for the Orb.
     0 | D:1      | Reached XP level 1. HP: 19/19 MP: 0/0
   366 | D:1      | Reached XP level 2. HP: 26/27 MP: 1/1
   756 | D:1      | Reached XP level 3. HP: 33/33 MP: 2/2
  1173 | D:2      | Succumbed to a kobold's poison

Illustrated notes

Levels and vault maps discovered:
D:1:      lemuel_arrival_muddy, layout_basic, serial_bayou, serial_bayou_pond_e,
          serial_bayou_pond_d, serial_bayou_pond_e, serial_bayou_pond_a,
          palyth_stone_intersect, feat_on_display
D:2:      layout_loops_ring, amcnicky_mini_pool_small, uniq_jessica, uniq_robin

Skill      XL: |  1  2 |
---------------+-------+-----
Axes           | 3 |  3.6
Armour         | 4 |  4.1
Fighting       | 4 |  4.1
Shields        | |  3.6

Action                   || total
-------------------------++-------
Melee: War axe           ||    79
       Headbutt          ||     9
Armor: Scale mail        ||    29
Dodge: Dodged            ||    25
Block: Buckler           ||    26
